 Dungeon Crawl Stone Soup version 0.29-a0-553-g81b289d (webtiles) character file.

Game seed: 8389993198755471065

2211 Illumine the Grappler (level 9, -3/87 HPs)
             Began as a Troll Cinder Acolyte on June 6, 2022.
             Was a High Priest of Ignis.
             Slain by a gargoyle
             ... wielding a +0 mace
              (13 damage)
             ... on level 7 of the Dungeon.
             The game lasted 00:08:38 (6974 turns).

Illumine the Grappler (Troll Cinder Acolyte)        Turns: 6974, Time: 00:08:38

Health: -3/87      AC: 11    Str: 28    XL:     9   Next: 13%
Magic:  1/9        EV: 10    Int: 10    God:    Ignis [*****.]
Gold:   378        SH:  0    Dex:  5    Spells: 8/10 levels left

rFire   + . .      SeeInvis .     - Unarmed
rCold   . . .      Faith    .   (no shield)
rNeg    . . .      Spirit   .   b - +0 robe
rPois   .          Reflect  .   (helmet restricted)
rElec   .          Harm     .   (no cloak)
rCorr   .          Rampage  .   (gloves unavailable)
Will    .....                   (boots unavailable)
Stlth   +.........              (no amulet)
HPRegen 1.04/turn               d - ring of wizardry
MPRegen 0.11/turn               (no ring)

@: fiery-armoured, very slightly contaminated
A: large, unfitting armour, claws 3, regeneration 1, shaggy fur 1, tough skin 1
a: Renounce Religion, Fiery Armour, Foxfire Swarm


You were on level 7 of the Dungeon.
You worshipped Ignis.
Ignis was extremely pleased with you.
You visited 1 branch of the dungeon, and saw 7 of its levels.

You collected 378 gold pieces.

Inventory:

Hand Weapons
 a - a -1 falchion of flaming
Missiles
 f - 148 stones (quivered)
 k - 4 boomerangs
 r - 2 atropa-tipped darts
Armour
 b - a +0 robe (worn)
Jewellery
 d - a ring of wizardry (left claw)
Wands
 x - a wand of digging (5)
Scrolls
 e - a scroll of fear {unknown}
 g - 2 scrolls of teleportation {unknown}
 j - a scroll of fog {unknown}
 m - 2 scrolls of noise {unknown}
 p - a scroll of blinking {unknown}
 s - 8 scrolls of identify {unknown}
 t - a scroll of enchant weapon {unknown}
 y - a scroll of brand weapon {unknown}
Potions
 c - 3 potions of mutation {unknown}
 h - 3 potions of brilliance {unknown}
 i - 6 potions of curing {unknown}
 l - 2 potions of heal wounds {unknown}
 n - 2 potions of invisibility {unknown}
 o - 2 potions of attraction {unknown}
 q - a potion of resistance {unknown}
 u - 2 potions of might {unknown}
 v - a potion of lignification {unknown}
 w - a potion of magic {unknown}
 z - a potion of haste {unknown}


   Skills:
 + Level 4.9 Fighting
 - Level 2.4 Long Blades
 - Level 2.0 Throwing
 + Level 4.0 Dodging
 * Level 9.4 Unarmed Combat
 - Level 1.0 Spellcasting
 - Level 2.2 Fire Magic


You had 8 spell levels left.
You knew the following spells:

 Your Spells              Type           Power      Damage    Failure   Level
a - Scorch                Fire           8%         2d5       9%          2

Your spell library contained the following spells:

 Spells                   Type           Power      Damage    Failure   Level
 Sublimation of Blood     Necr           0%         N/A       21%         2
 Gell's Gravitas          Tloc           0%         N/A       38%         3
 Lesser Beckoning         Tloc           0%         N/A       38%         3
 Teleport Other           Tloc           0%         N/A       38%         3
 Petrify                  Tmut/Erth      0%         N/A       77%         4
 Irradiate                Conj/Tmut      0%         3d13      97%         5
 Dispersal                Tloc           0%         N/A       100%        6


Dungeon Overview and Level Annotations

Branches:
Dungeon (7/15)             Temple (0/1) D:4

Altars:
Elyvilon
Hepliaklqana
Kikubaaqudgha
Yredelemnul

Annotations:
D:6 2 transporters, Toastz's ghost, novice KoEn
D:7 3 runed translucent doors, SuisLittleHoshiymin's ghost, novice OgGl


Innate Abilities, Weirdness & Mutations

You are too large for most types of armour.
You have claws for hands.
Your natural rate of healing is unusually fast.
You are covered in fur. (AC +1)
You have tough skin. (AC +1)


Message History

The stone arrow hits you!
Found 2 golden potions.
A protective cloak of flame settles atop you.
The gargoyle hurls a stone arrow at you.
The stone arrow hits you!
Casting: Scorch (safe; 9% risk of failure)
Confirm with . or Enter, or press ? or * to list all spells.
You miscast Scorch.
You are very lightly contaminated with residual magic.
Nothing appears to happen.
Casting: Scorch (safe; 9% risk of failure)
Confirm with . or Enter, or press ? or * to list all spells.
Flames lash the gargoyle.
The gargoyle is lightly damaged.
The gargoyle's fire resistance burns away.
The gargoyle hurls a stone arrow at you.
The stone arrow hits you!!
Casting: Scorch (safe; 9% risk of failure)
Confirm with . or Enter, or press ? or * to list all spells.
Flames lash the gargoyle but do no damage.
The gargoyle hits you with a +0 mace!
The gargoyle is burned terribly!
The gargoyle is burned by your cloak of flames.
The gargoyle is heavily damaged.
Unknown command.
Casting: Scorch (safe; 9% risk of failure)
Confirm with . or Enter, or press ? or * to list all spells.
Flames lash the gargoyle but do no damage.
The gargoyle hurls a stone arrow at you.
The stone arrow hits you!!
* * * LOW HITPOINT WARNING * * *
Unknown command.
You scratch the gargoyle but do no damage.
The gargoyle is heavily damaged.
The gargoyle hits you with a +0 mace!
* * * LOW HITPOINT WARNING * * *
You scratch the gargoyle.
The gargoyle is severely damaged.
The gargoyle is no longer more vulnerable to fire.
The gargoyle hits you with a +0 mace!
You die...

#. #..o...........#.#........##.#
...#....#...............##.......
....o####.......##...##..........
#....###......###8...8###...#....
#.o...........# ##...## #...#....
.............###+.....+###)#....#
o.#..........# #.......# #.#.....
###..........##+.......+ #.....#.
...........##.@..8....##.......
..#)#.....o##9.......+##...#...
###......#!#.......# #...##..
#.....o###+.....+###.......
##.....Y.# ##+.+## #........
.........### ## ###........
.#.........#######..........
.##...[.##.........#...#....
..##....##.....#.......#....


You could see a gargoyle.

Vanquished Creatures
  Sigmund (D:5)
  A wyvern (D:7)
  A water moccasin (D:7)
  3 ice beasts
  2 black bears
  A sky beast (D:6)
  3 ogres
  A phantom (D:5)
  A bullfrog (D:6)
  2 necrophages
  3 vampire bats (D:3)
  A jelly (D:6)
  An orc priest (D:5)
  A hound (D:7)
  9 orc wizards
  Natasha (thrice) (D:4)
  An iguana (D:5)
  8 adders
  An ufetubus (D:5)
  A worm (D:3)
  4 dart slugs
  19 orcs
  4 endoplasms
  A giant cockroach (D:1)
  11 goblins
  10 hobgoblins
  8 jackals
  3 kobolds
  4 quokkas
  13 ball pythons
  14 bats
  8 frilled lizards
  3 rats
147 creatures vanquished.

Vanquished Creatures (others)
  A ball python (D:4)
  4 fungi (D:7)
  6 plants (D:3)
11 creatures vanquished.

Grand Total: 158 creatures vanquished

Notes
Turn   | Place    | Note
-------+----------+-------------------------------------------
     0 | D:1      | Illumine the Troll Cinder Acolyte began the quest for the
                  | Orb.
     0 | D:1      | Reached XP level 1. HP: 22/22 MP: 1/1
   146 | D:1      | Reached skill level 1 in Unarmed Combat
   389 | D:1      | Reached XP level 2. HP: 27/29 MP: 2/2
   515 | D:1      | Reached skill level 2 in Unarmed Combat
   778 | D:1      | Reached XP level 3. HP: 34/36 MP: 3/3
   811 | D:1      | Learned a level 2 spell: Scorch
  1059 | D:2      | Reached skill level 3 in Unarmed Combat
  1114 | D:2      | Identified the +2 ring mail of the Blushing Gods {Dex+2}
  1494 | D:2      | Reached XP level 4. HP: 38/44 MP: 1/4
  1854 | D:3      | Reached skill level 4 in Unarmed Combat
  2138 | D:3      | Identified the +3 whip of Ojyvasai {protect, rF+}
  2147 | D:3      | Reached skill level 5 in Unarmed Combat
  2147 | D:3      | Reached XP level 5. HP: 50/50 MP: 5/5
  2172 | D:3      | Found a white marble altar of Elyvilon.
  2224 | D:3      | Reached XP level 6. HP: 59/59 MP: 3/6
  2255 | D:3      | Found a hazy altar of Hepliaklqana.
  2714 | D:4      | Found an ancient bone altar of Kikubaaqudgha.
  2885 | D:4      | Reached skill level 6 in Unarmed Combat
  3124 | D:4      | Noticed Natasha
  3126 | D:4      | Killed Natasha
  3230 | D:4      | Reached skill level 1 in Throwing
  3238 | D:4      | Reached skill level 1 in Dodging
  3404 | D:4      | Found a basalt altar of Yredelemnul.
  3534 | D:4      | Found a staircase to the Ecumenical Temple.
  3627 | D:4      | Noticed Natasha
  3630 | D:4      | Killed Natasha
  3649 | D:4      | Noticed Natasha
  3659 | D:4      | Killed Natasha
  3660 | D:4      | Reached XP level 7. HP: 50/66 MP: 3/7
  3806 | D:5      | Entered Level 5 of the Dungeon
  4279 | D:5      | Reached skill level 7 in Unarmed Combat
  4476 | D:5      | Noticed Sigmund
  4482 | D:5      | Killed Sigmund
  4483 | D:5      | Reached XP level 8. HP: 63/76 MP: 1/8
  5139 | D:6      | Noticed Toastz's ghost (novice KoEn)
  5140 | D:6      | Found a transporter.
  5271 | D:6      | Reached skill level 8 in Unarmed Combat
  5349 | D:6      | HP: 3/78 [something (6)]
  5543 | D:6      | Found a transporter.
  6516 | D:7      | Reached skill level 9 in Unarmed Combat
  6636 | D:7      | Reached XP level 9. HP: 82/85 MP: 4/9
  6883 | D:7      | Found a runed translucent gate.
  6884 | D:7      | Found a runed translucent gate.
  6885 | D:7      | Noticed SuisLittleHoshiymin's ghost (novice OgGl)
  6890 | D:7      | Found a runed translucent gate.
  6967 | D:7      | Noticed a gargoyle
  6974 | D:7      | Slain by a gargoyle

Illustrated notes

Levels and vault maps discovered:
D:1:      dpeg_arrival_another_circle, layout_basic, dk_noncrumbling_3,
          amcnicky_mini_corridor_feature
D:2:      layout_loops_ring
D:3:      cheibrodos_old_hovel, layout_loops_ring, overflow_temple_1_default,
          nicolae_hepliaklqana_hazy_memory, roderic_batcave
D:4:      layout_basic, mainiacjoe_overflow_tiny_flanked, lemuel_tele_altar,
          temple_hall, minmay_a_box_with_orc_wizards_in_it, uniq_natasha
D:5:      layout_loops_corners, uniq_sigmund
D:6:      layout_layer_cave, gammafunk_ghost_arena
D:7:      cheibrodos_statue_roulette, layout_cave_pools,
          gammafunk_ghost_nasty_kobolds

Skill      XL: |  1  2  3  4  5  6  7  8  9 |
---------------+----------------------------+-----
Unarmed Combat | 1 2 3 5 6 7 9 |  9.4
Throwing       | 1 2 |  2.0
Dodging        | 1 2 3 4 |  4.0
Fighting       | 3 4 |  4.9
Long Blades    | |  2.4
Spellcasting   | |  1.0
Fire Magic     | |  2.2

Action                   |  1- 3 |  4- 6 |  7- 9 || total
-------------------------+-------+-------+-------++-------
Melee: Falchion          |    31 |       |       ||    31
       Unarmed           |    99 |   119 |   108 ||   326
       Punch             |       |     3 |     6 ||     9
Throw: Stone             |       |       |     2 ||     2
 Cast: Scorch            |    11 |    25 |    55 ||    91
Invok: Rising Flame      |       |       |     1 ||     1
       Fiery Armour      |       |       |     1 ||     1
Armor: Robe              |    68 |    65 |    25 ||   158
Dodge: Dodged            |    61 |    71 |    42 ||   174

Table legend: (Time is in decaauts)
 A = Elapsed time spent in this place.
 B = Non-inter-level travel time spent in this place.
 C = Inter-level travel time spent in this place.
 D = Time resting spent in this place.
 E = Time spent auto-exploring this place.
 F = Levels seen in this place.
 G = Mean time per level.
                   A        B        C        D        E       F      G
               +--------+--------+--------+--------+--------+-----+--------+
         Total |   6953 |   6796 |    157 |    301 |   5356 |   7 |  993.3 |
       Dungeon |   6953 |   6796 |    157 |    301 |   5356 |   7 |  993.3 |
               +--------+--------+--------+--------+--------+-----+--------+

Top non-repeatable levels by time:
     D:5: 1350 daAuts
     D:6: 1345 daAuts
     D:4: 1144 daAuts
     D:2: 923 daAuts
     D:1: 881 daAuts
     D:3: 851 daAuts
     D:7: 457 daAuts
